Match 47335231
Unlisted

Match 47335231
End
Selects Italian Combined Arms Battlegroup
Selects Italian Combined Arms Battlegroup
Selects Bersaglieri Squad
Bersaglieri Squad
Kradschützen Motorcycle Team
Bersaglieri Squad
Construct Light Support Kompanie
250 Light Carrier
Combat Half-tracks
Selects Bersaglieri Bolster
2.5-tonne Medical Truck
Bersaglieri Squad
Selects Breda Model 30 Light Machine Guns
Fire Support Elements
Forward Retreat Point
MG34 Team
Construct Panzerarmee Kommand
Armored Reserves
Selects Semovente da 75/18 Assault Gun
Tiger Heavy Tank
2.5-tonne Medical Truck
Panzerpioneer Squad
Selects Strafing Run
Selects Artillery Cover
Artillery Cover
Tiger Heavy Tank
Flakvierling Half-track
Tiger Heavy Tank
Strafing Run
Goeth.cl
Butcher
10 Inch Grinch
Two_Shoes
TeamSpeakUser
LITTLE TRICKSTER
Da Cracka Whacka
emmettreloaded
0
0

Comments sign in to comment!

No comments posted yet!